 Dungeon Crawl Stone Soup version 0.31.0-11-ge490571c62 (webtiles) character file.

Game seed: 7192798501375273310

66 qw the Shooter (level 3, -1/20 HPs)
             Began as a Deep Elf Hunter on Feb 5, 2024.
             Slain by a ribbon worm (4 damage)
             ... on level 2 of the Dungeon.
             The game lasted 00:01:15 (1346 turns).

qw the Shooter (Deep Elf Hunter)                    Turns: 1346, Time: 00:01:16

Health: -1/20      AC:  9    Str: 10    XL:     3   Next: 96%
Magic:  5/5        EV:  9    Int: 13    God:
Gold:   61         SH:  0    Dex: 18    Spells: 2/2 levels left

rFire   . . .        a - +1 shortbow
rCold   . . .        (shield currently unavailable)
rNeg    . . .        g - +0 scale mail
rPois   .            (no helmet)
rElec   .            c - +2 cloak of the Thief {*Fog Slay-2 SInv Stlth+}
rCorr   .            (no gloves)
SInv    +            (no boots)
Will    .....        (no amulet)
Stlth   ++           (no ring)
HPRegen 0.23/turn    (no ring)
MPRegen 0.09/turn

%: no passive effects
@: no status effects
A: no striking features
a: no special abilities


You were on level 2 of the Dungeon.
You visited 1 branch of the dungeon, and saw 2 of its levels.

You collected 61 gold pieces.


   Skills:
 - Level 1.5 Fighting
 + Level 7.4 Ranged Weapons
 - Level 2.4 Dodging
 - Level 1.2 Stealth


You had 2 spell levels left.
You didn't know any spells.
Your spell library was empty.

Inventory:

Hand Weapons
 a - a +1 shortbow (weapon)
Armour
 c - the +2 cloak of the Thief (worn) {*Fog Slay-2 SInv Stlth+}
   (You acquired it on level 1 of the Dungeon)

   *Fog:      It may release a thick cloud of smoke when the wearer is hurt.
   Slay-2:    It affects your accuracy & damage with ranged weapons and melee
   (-2).
   SInv:      It lets you see invisible.
   Stlth+:    It makes you more stealthy.
 d - the +0 leather armour of Lightning Storm {Rampage rF+}
   (You found it on level 2 of the Dungeon)

   rF+:       It protects you from fire.
   Rampage:   It bestows one free step when moving towards enemies.
 g - a +0 scale mail (worn)
Jewellery
 n - a ring of ice
Scrolls
 b - a scroll of poison {unknown}
Potions
 j - 2 potions of mutation {unknown}
 l - a potion of enlightenment {unknown}

Dungeon Overview and Level Annotations

Branches:
Dungeon (2/15)

Altars:


Message History

The ribbon worm is lightly wounded.
The quokka closely misses you. The ribbon worm bites you.
The quokka bites you but does no damage.
You shoot an arrow. The arrow hits the ribbon worm.
The ribbon worm is moderately wounded.
The quokka barely misses you.
The ribbon worm expels a string of sticky webbing.
The stream of webbing hits you but does no damage.
You are caught in a web!
The quokka barely misses you. The ribbon worm bites you.
With a swish of your cloak, you release a cloud of fog.
You struggle to detach yourself from the web.
The quokka bites you but does no damage.
The web tears apart.
The quokka bites you but does no damage.
The ribbon worm bites you but does no damage.
You shoot an arrow.
The arrow barely misses the ribbon worm.
The quokka barely misses you.
The ribbon worm expels a string of sticky webbing.
The stream of webbing hits you but does no damage.
You are caught in a web!
The quokka bites you.
The web tears apart.
The ribbon worm bites you but does no damage.
The quokka bites you.
You shoot an arrow.
The arrow hits the ribbon worm but does no damage.
The ribbon worm is lightly wounded.
The quokka closely misses you. The ribbon worm bites you.
With a swish of your cloak, you release a cloud of fog.
The quokka bites you but does no damage.
You shoot an arrow. The arrow hits the ribbon worm!
The ribbon worm is heavily wounded.
The ribbon worm barely misses you. The quokka closely misses you.
You shoot an arrow. The arrow hits the ribbon worm.
The ribbon worm is severely wounded.
The quokka bites you.
With a swish of your cloak, you release a cloud of fog.
The ribbon worm bites you.
You die...

##.###### ####.####
##......###. .##
#..... ##......##..#
#.. #. ######
.........##..# ##..
#.. ###......# #..#
... #..# # #......#
#..##.. #..# #
#......#####¤¤¤¤ #..#
###%........###wr##¤.#
..............##@¤¤.#
###......##.#.###¤¤##
#......##...##.¤##
#......#####...##
####%#........##
#.#..........
#.#............
#.#............#
....######+#####


You could see a ribbon worm and a quokka.

Vanquished Creatures
  2 gnolls (D:1)
  2 dart slugs (D:1)
  A ribbon worm (D:2)
  3 endoplasms (D:2)
  3 giant cockroaches
  4 jackals (D:2)
  4 quokkas
  4 ball pythons
  4 bats
  4 frilled lizards
  5 kobolds
  6 rats
42 creatures vanquished.

Notes
Turn   | Place    | Note
-------+----------+-------------------------------------------
     0 | D:1      | qw the Deep Elf Hunter began the quest for the Orb.
     0 | D:1      | Reached XP level 1. HP: 12/12 MP: 3/3
     0 | D:1      | 0 ||| qw: Version: 0.3-a-160-g6735b56
     0 | D:1      | 0 ||| qw: Game counter: 6323
     0 | D:1      | 0 ||| qw: Melee chars always use a shield: true
     0 | D:1      | 0 ||| qw: God list: Okawaru
     0 | D:1      | 0 ||| qw: Allow faded altars: false
     0 | D:1      | 0 ||| qw: Do Orc after clearing Dungeon:15 true
     0 | D:1      | 0 ||| qw: Do second Lair branch before Depths: true
     0 | D:1      | 0 ||| qw: Lair rune preference: random
     0 | D:1      | 0 ||| qw: Goals: Normal
     0 | D:1      | 0 ||| PLANNING D:1-11
   106 | D:1      | Found a faded altar of an unknown god.
   197 | D:1      | Reached XP level 2. HP: 15/16 MP: 4/4
   203 | D:1      | Reached skill level 6 in Ranged Weapons
   343 | D:1      | HP: 4/16 [quokka (4)]
   346 | D:1      | Reached XP level 3. HP: 5/20 MP: 5/5
   350 | D:1      | HP: 4/20 [quokka (3)]
   907 | D:1      | 907 ||| UPGRADING to +0 scale mail.
   917 | D:1      | 917 ||| DROPPING +0 leather armour.
   918 | D:1      | 918 ||| READING scroll labelled OZIFEU CUGEGG.
   918 | D:1      | 918 ||| ENCHANTING +0 shortbow.
   919 | D:1      | 919 ||| READING 2 scrolls labelled PYOGGECVAS.
   919 | D:1      | 919 ||| IDENTIFYING red potion
   920 | D:1      | 920 ||| READING scroll of identify.
   920 | D:1      | 920 ||| IDENTIFYING inky potion
   921 | D:1      | 921 ||| READING scroll labelled KIGHIM QESA.
   922 | D:1      | 922 ||| READING 3 scrolls labelled ELLOMUISH.
  1023 | D:1      | 1023 ||| READING scroll labelled REGRENO MYGE.
  1023 | D:1      | Identified a scroll of acquirement
  1023 | D:1      | 1023 ||| ACQUIRING +2 cloak of the Thief {*Fog Slay-2 SInv
                  | Stlth+}
  1023 | D:1      | Acquired the +2 cloak of the Thief {*Fog Slay-2 SInv
                  | Stlth+}
  1023 | D:1      | Found the +2 cloak of the Thief {*Fog Slay-2 SInv Stlth+}
  1025 | D:1      | 1025 ||| UPGRADING to +2 cloak of the Thief {*Fog Slay-2
                  | SInv Stlth+}.
  1030 | D:1      | 1030 ||| DROPPING scroll of butterflies.
  1031 | D:1      | 1031 ||| DROPPING potion of degeneration.
  1032 | D:1      | 1032 ||| DROPPING potion of lignification.
  1033 | D:1      | 1033 ||| DROPPING 2 scrolls of silence.
  1064 | D:2      | Reached skill level 7 in Ranged Weapons
  1266 | D:2      | Identified the +0 leather armour of Lightning Storm
                  | {Rampage rF+}
  1344 | D:2      | HP: 5/20 [ribbon worm (6)]
  1346 | D:2      | Slain by a ribbon worm

Levels and vault maps discovered:
D:1:      dpeg_arrival_renting, layout_basic,
          chequers_ecumenical_altar_simple_redux
D:2:      minmay_alternating_diamond, layout_basic

Skill      XL: |  1  2  3 |
---------------+----------+-----
Ranged Weapons | 6 7 |  7.4
Fighting       | |  1.5
Dodging        | |  2.4
Stealth        | |  1.2

Action                     || total
---------------------------++-------
   Fire: Shortbow          ||   149
    Use: Scroll            ||     6
 Armour: Leather armour    ||    11
         Scale mail        ||    36
  Dodge: Dodged            ||    42

Table legend:
 A = Non-vault XP
 B = Vault XP
 C = Vault XP percentage of total XP
 D = Non-vault monster count
 E = Vault monster count
 F = Vault count percentage of total count
                 A         B        C        D         E       F
            +---------+---------+-------+---------+---------+-------
      Total |      93 |       2 |   2.1 |      41 |       1 |   2.4
            +---------+---------+-------+---------+---------+-------
        D:1 |      61 |       0 |   0.0 |      22 |       0 |   0.0
        D:2 |      32 |       2 |   5.9 |      19 |       1 |   5.0
            +---------+---------+-------+---------+---------+-------
